 Dungeon Crawl Stone Soup version 0.22.0-1-g6561e4c (webtiles) character file.

1375 MTVSty1e the Chopper (level 8, -11/78 HPs)
             Began as a Gargoyle Monk on Aug 12, 2018.
             Mangled by Menkaure (12 damage)
             ... on level 5 of the Dungeon.
             The game lasted 00:07:22 (5453 turns).

MTVSty1e the Chopper (Gargoyle Monk)                Turns: 5453, Time: 00:07:23

Health: -11/78     AC: 24    Str: 17    XL:     8   Next: 66%
Magic:  8/8        EV:  2    Int: 11    God:
Gold:   218        SH:  9    Dex: 12    Spells: 7/7 levels left

rFire    x . .     SeeInvis .   a - +0 hand axe
rCold    + . .     Gourm    .   w - +0 shield
rNeg     + + +     Faith    .   (armour currently unavailable)
rPois    ∞         Spirit   .   (helmet currently unavailable)
rElec    .         Reflect  .   (cloak currently unavailable)
rCorr    .         Harm     .   (gloves currently unavailable)
MR       .....     NoTele   +   (boots currently unavailable)
Stlth    +++.......             (no amulet)
HPRegen  0.23/turn              A - ring of stealth
MPRegen  0.11/turn              B - ring of ice

@: tree-form
A: negative energy resistance 1, petrification resistance, rot immunity, AC +5
a: no special abilities


You were on level 5 of the Dungeon.
You were hungry.
You were a tree.
You visited 1 branch of the dungeon, and saw 5 of its levels.
You also visited: Sewer.

You collected 218 gold pieces.

Inventory:

Hand Weapons
 a - a +0 hand axe (weapon)
Armour
 k - a +1 pair of boots (melded)
 p - a +0 helmet (melded)
 q - a +0 chain mail (melded)
 w - a +0 shield (worn)
 y - a +0 pair of gloves (melded)
Jewellery
 i - an uncursed amulet of magic regeneration
 A - a ring of stealth (left branch)
 B - a ring of ice (right branch)
Wands
 f - a wand of disintegration (13)
 r - a wand of paralysis (6)
 u - a wand of iceblast (9)
 x - a wand of digging (14)
Scrolls
 d - 9 scrolls of identify
 g - 2 scrolls of remove curse
 h - a scroll of random uselessness {unknown}
 l - 4 scrolls of teleportation
 n - 2 scrolls of magic mapping {unknown}
 s - 2 scrolls of fog
Potions
 e - a potion of magic {unknown}
 j - a potion of resistance {unknown}
 o - a potion of flight {unknown}
 v - a potion of haste {unknown}
 z - a potion of cancellation {unknown}
Comestibles
 c - 7 rations
 C - 3 chunks of flesh


   Skills:
 + Level 6.8 Fighting
 * Level 7.7 Axes
 - Level 2.4 Dodging
 - Level 2.1 Stealth
 + Level 3.9 Shields


You had 7 spell levels left.
You didn't know any spells.
Your spell library contained the following spells:

 Spells                   Type           Power        Failure   Level  Hunger
 Confuse                  Hex            #.......     99%         3    ####...
 Confusing Touch          Hex            #.....       82%         1    ##.....
 Metabolic Englaciation   Hex/Ice        #.........   100%        5    ######.
 Petrify                  Tmut/Erth      #.......     100%        4    #####..
 Gell's Gravitas          Tloc           #.........   99%         3    ####...
 Yara's Violent Unravell  Hex/Tmut       #.........   100%        5    ######.


Dungeon Overview and Level Annotations

Branches:
Dungeon (5/15)             Temple (0/1) D:4

Altars:
Cheibriados
Fedhas
Gozag
Hepliaklqana
Nemelex Xobeh
Wu Jian

Shops:
D:4 !   D:5 *

Annotations:
D:2 exclusion: oklob plant
D:5 Menkaure


Innate Abilities, Weirdness & Mutations

You are resistant to torment.
((Your stone body is resilient. (AC +5)))
You are immune to poison.
You resist negative energy. (rN+)
((You are resistant to electric shocks. (rElec)))
((You can survive without breathing.))
You are immune to petrification.
You are immune to rotting.


Message History

* * * LOW HITPOINT WARNING * * *
You feel better. The slave barely misses you. Menkaure hits you!
* * * LOW HITPOINT WARNING * * *
You block the slave's attack.
As you read the scroll labeled RIESOXI TYEGIM, it crumbles to dust.
You assume a fearsome visage.
The slave looks frightened! x2
Menkaure is unaffected.
It was a scroll of fear.
Menkaure hits you but does no damage.
Okay, then.
It was a potion of lignification.
You turn into a tree.
Your +0 helmet melds into your body.
Your +0 pair of gloves melds into your body.
Your +1 pair of boots melds into your body.
Your +0 chain mail melds into your body.
Your roots penetrate the ground.
Menkaure hits you.
* * * LOW HITPOINT WARNING * * *
You hit Menkaure but do no damage.
Menkaure is almost destroyed.
Menkaure hits you!
You die...

#.........#
.o......####.
#.........#
#.o..........
#.........#
..#..##..
#....§§§§§#
#.##.##.#
#.....§§§§####
#.##..#.#
#......§p§§p.#
#.###.#(#
#......?§§§..#
#.# #...#
#######M§.§..#
#.####†.#
#.♣....#
#...()..#
#......#
######.##
#......# #.#
######## #.##
#.#. #.#. #...
##.. #..


You could see a slave (fleeing) and Menkaure.

Vanquished Creatures
  Grinder (D:3)
  Edmund (D:5)
  A slave (D:5)
  2 phantoms (D:4)
  A centaur (D:5)
  An ogre (D:4)
  A water moccasin zombie (D:5)
  2 scorpions (D:4)
  2 crimson imps (D:5)
  A hound (D:4)
  A jelly (D:5)
  An orc priest (D:4)
  Terence (D:3)
  An orc wizard (D:5)
  7 worker ants
  A howler monkey skeleton (D:4)
  13 adders
  2 worms (D:4)
  A dart slug (D:1)
  7 leopard geckos
  9 orcs
  6 ball pythons
  5 giant cockroaches
  7 goblins
  5 hobgoblins
  4 jackals (D:4)
  4 kobolds
  4 quokkas
  A ball python skeleton (D:2)
  3 bats
  9 frilled lizards
  A leopard gecko skeleton (D:4)
  12 rats
118 creatures vanquished.

Notes
Turn   | Place    | Note
-------+----------+-------------------------------------------
     0 | D:1      | MTVSty1e the Gargoyle Monk began the quest for the Orb.
     0 | D:1      | Reached XP level 1. HP: 14/14 MP: 1/1
   135 | D:1      | Reached skill level 3 in Axes
   137 | D:1      | Reached XP level 2. HP: 14/19 MP: 2/2
   795 | D:2      | Reached XP level 3. HP: 18/24 MP: 3/3
  1029 | D:2      | Reached XP level 4. HP: 12/29 MP: 4/4
  1030 | D:2      | Reached skill level 4 in Axes
  1442 | D:2      | Found a blossoming altar of Fedhas.
  1464 | D:2      | Noticed an oklob plant
  1557 | D:2      | Found an ornate altar of the Wu Jian Council.
  1998 | D:3      | Reached XP level 5. HP: 32/34 MP: 5/5
  2480 | D:3      | Noticed Grinder
  2482 | D:3      | Noticed Terence
  2498 | D:3      | Killed Terence
  2521 | D:3      | Killed Grinder
  2521 | D:3      | Reached skill level 5 in Fighting
  2521 | D:3      | Reached skill level 5 in Axes
  2521 | D:3      | Reached XP level 6. HP: 24/40 MP: 6/6
  2635 | D:3      | Found a glowing drain.
  2660 | Sewer    | Entered a sewer
  3236 | D:4      | Reached XP level 7. HP: 20/44 MP: 7/7
  3560 | D:4      | Reached skill level 6 in Axes
  3560 | D:4      | Reached skill level 1 in Shields
  3933 | D:4      | Reached XP level 8. HP: 18/51 MP: 8/8
  4145 | D:4      | Found Cealom's Distillery.
  4399 | D:4      | Found a staircase to the Ecumenical Temple.
  4623 | D:5      | Entered Level 5 of the Dungeon
  4769 | D:5      | Reached skill level 7 in Axes
  4911 | D:5      | Found Heimyf's Assorted Antiques.
  5101 | D:5      | Found a snail-covered altar of Cheibriados.
  5103 | D:5      | Found a hazy altar of Hepliaklqana.
  5103 | D:5      | Found a sparkling altar of Nemelex Xobeh.
  5117 | D:5      | Found an opulent altar of Gozag.
  5169 | D:5      | Noticed Edmund
  5223 | D:5      | Killed Edmund
  5419 | D:5      | Noticed Menkaure
  5448 | D:5      | HP: 2/52 [Menkaure (13)]
  5453 | D:5      | Mangled by Menkaure

Skill      XL: |  1  2  3  4  5  6  7  8 |
---------------+-------------------------+-----
Axes           | 3 4 5 6 7 |  7.7
Fighting       | 4 5 6 |  6.8
Shields        | 2 3 |  3.9
Dodging        | |  2.4
Stealth        | |  2.1

Action                   |  1- 3 |  4- 6 |  7- 9 || total
-------------------------+-------+-------+-------++-------
Melee: Hand axe          |   114 |   207 |   349 ||   670
  Use: Scroll            |       |     6 |     3 ||     9
       Potion            |       |     2 |     6 ||     8
 Stab: Sleeping          |     1 |       |       ||     1
  Eat: Chunk             |       |     2 |     3 ||     5
       Ration            |       |     2 |     1 ||     3
Armor: Robe              |     1 |       |       ||     1
       Ring mail         |    49 |    20 |       ||    69
       Chain mail        |       |   144 |   199 ||   343
Dodge: Dodged            |    87 |    88 |    62 ||   237
Block: Shield            |       |     9 |   125 ||   134
